 Dungeon Crawl Stone Soup version 0.31-a0-743-g45f7035092 (webtiles) character file.

Game seed: 1524046364938395409

541 CowFu the Magician (level 7, -1/45 HPs)
             Began as a Djinni Conjurer on Sept 12, 2023.
             Was a High Priest of Uskayaw.
             Slain by a yak (10 damage)
             ... on level 4 of the Dungeon.
             The game lasted 00:02:47 (2823 turns).

CowFu the Magician (Djinni Conjurer)                Turns: 2823, Time: 00:02:48

Health: -1/45      AC:  7    Str:  6    XL:     7   Next: 51%
Gold:   167        EV: 11    Int: 22    God:    Uskayaw [*****.] SH:  0 Dex: 11

rFire   + + .        t - +2 dagger (speed)
rCold   x . .        (no shield)
rNeg    . . .        q - +3 leather armour "Sofuq" {Slay+3}
rPois   ∞            (no helmet)
rElec   .            (no cloak)
rCorr   .            h - +0 pair of gloves
SInv    +            (boots unavailable)
Will    .....        (no amulet)
Stlth   +            e - ring of wizardry
HPRegen 0.27/turn    n - ring of see invisible
MPRegen 0.00/turn

%: wizardry (x1), infuse magic (-2 HP)
@: flying
A: sickness immunity, fire resistance 2, cold vulnerability 1, float, innate
caster, HP casting, extra vitality 1
a: Renounce Religion, Stomp, Line Pass, Grand Finale


You were on level 4 of the Dungeon.
You worshipped Uskayaw.
Uskayaw was noncommittal.
You visited 1 branch of the dungeon, and saw 4 of its levels.

You collected 167 gold pieces.

Inventory:

Hand Weapons
 t - a +2 dagger of speed (weapon)
Armour
 h - a +0 pair of gloves (worn)
 q - the +3 leather armour "Sofuq" (worn) {Slay+3}
   (You found it on level 4 of the Dungeon)

   Slay+3:    It affects your accuracy & damage with ranged weapons and melee
   (+3).
Jewellery
 e - a ring of wizardry (left hand)
 n - a ring of see invisible (right hand)
 p - a ring of positive energy
 r - a ring of positive energy
Wands
 i - a wand of digging (6)
Scrolls
 b - a scroll of silence {unknown}
 d - 2 scrolls of vulnerability {unknown}
 f - 2 scrolls of teleportation {unknown}
 k - a scroll of identify {unknown}
 l - a scroll of torment {unknown}
 m - 3 scrolls of amnesia {unknown}
 o - a scroll of revelation {unknown}
Potions
 a - a potion of curing {unknown}
 c - 2 potions of heal wounds {unknown}
 g - a potion of berserk rage {unknown}
 j - a potion of degeneration {unknown}
 s - a potion of lignification {unknown}


   Skills:
 - Level 2.1 Dodging
 - Level 1.5 Stealth
 + Level 6.5 Spellcasting
 + Level 6.5 Conjurations
 + Level 6.5 Hexes
   Level 0.0 Charms
 + Level 6.5 Summonings
 + Level 6.5 Necromancy
 + Level 6.5 Translocations
 + Level 6.5 Transmutations
 + Level 6.5 Fire Magic
 + Level 6.5 Ice Magic
 + Level 6.5 Air Magic
 + Level 6.5 Earth Magic
 + Level 6.5 Poison Magic


You knew the following spells:

 Your Spells              Type           Power      Damage    Failure   Level
a - Magic Dart            Conj           100%       1d8       1%          1
b - Searing Ray           Conj           72%        2d7       1%          2
c - Dazzling Flash        Conj/Hex       72%        N/A       1%          3
d - Fulminant Prism       Conj/Hex       18%        3d11      3%          4
e - Iskenderun's Mystic   Conj/Tloc      36%        2d9       3%          4
f - Freeze                Ice            100%       1d10      1%          1
g - Ensorcelled Hibernat  Hex/Ice        72%        N/A       1%          2
h - Inner Flame           Hex/Fire       36%        N/A       1%          3
Your spell library was empty.

Dungeon Overview and Level Annotations

Branches:
Dungeon (4/15)
 Temple: D:4-7

Altars:
Cheibriados
Trog
Uskayaw

Annotations:
D:3 2 transporters, abessonov's ghost, amateur KoHs


Innate Abilities, Weirdness & Mutations

You are immune to sickness and miasma.
You are immune to poison.
Your flesh is very heat resistant. (rF++)
You are vulnerable to cold. (rC-)
You float through the air rather than walking.
You learn spells naturally, not from books.
Your magical power is your life essence.
You have superior vitality. (+4 MHP)


Message History

The yak barely misses you.
Uskayaw will force your foes to share their pain.
Uskayaw links your audience in an emotional bond!
Casting: Searing Ray (safe; 1% risk of failure)
Confirm with . or Enter, or press ? or * to list all spells.
Restarting spell: Searing Ray (safe; 1% risk of failure)
Press: ? - help, Shift-Dir - straight line, f/p - yak
Aim: a yak (almost dead, sharing its pain, 88% to hit)
The searing ray hits the yak.
You kill the yak! (Press . to maintain the ray.)
Casting: Searing Ray (safe; 1% risk of failure)
Confirm with . or Enter, or press ? or * to list all spells.
Restarting spell: Searing Ray (safe; 1% risk of failure)
Press: ? - help, Shift-Dir - straight line, f - yak
Aim: a yak (heavily wounded, sharing its pain, 88% to hit)
The searing ray hits the yak.
The yak is heavily wounded.
The searing ray hits the yak.
The yak is severely wounded. (Press . to maintain the ray.)
* * * LOW HITPOINT WARNING * * *
The yak is no longer sharing its pain. x3; The yak gores you.
* * * LOW HITPOINT WARNING * * *
You can now merge with and destroy a victim.
The searing ray hits the yak.
The yak is severely wounded.
The searing ray misses the yak.
The searing ray hits the yak.
The yak is heavily wounded.
* * * LOW HITPOINT WARNING * * *
The yak completely misses you.
The searing ray hits the yak.
The yak is almost dead.
The searing ray hits the yak.
The yak is severely wounded.
The searing ray hits the yak!
The yak is severely wounded.
* * * LOW HITPOINT WARNING * * *
The yak gores you!
You die...

#...#...##...(...##
#.#.'..###.......##
#.###...##.......##
#.# ##...##.....##.
#.# ##...##...##..
#.# ##...##)##...
#.# ##...#(#...#
#.##### ##.......##
#.@YYY# ##.....###
#####Y# ##...## .#
##+## YY .†. ...#
####


You could see 4 yaks.

Vanquished Creatures
  A yak (D:4)
  A phantom (D:4)
  A bullfrog (D:4)
  A scorpion (D:3)
  4 gnolls (D:4)
  9 adders
  5 worms
  2 orcs (D:3)
  4 ball pythons
  8 endoplasms (D:2)
  3 giant cockroaches
  9 goblins
  6 hobgoblins
  4 quokkas
  2 bats
  3 frilled lizards
  4 kobolds
  6 rats
73 creatures vanquished.

Notes
Turn   | Place    | Note
-------+----------+-------------------------------------------
     0 | D:1      | CowFu the Djinni Conjurer began the quest for the Orb.
     0 | D:1      | CowFu set off with the following spells memorised: Magic
                  | Dart, Searing Ray, Dazzling Flash, Fulminant Prism,
                  | Iskenderun's Mystic Blast.
     0 | D:1      | Reached XP level 1. HP: 15/15 MP: 0/0
    53 | D:1      | Reached XP level 2. HP: 10/21 MP: 0/0
   346 | D:1      | Found a faded altar of an unknown god.
   391 | D:1      | Prayed at the altar of an unknown god.
   391 | D:1      | Became a worshipper of Uskayaw the Reveller
   391 | D:1      | Reached * piety under Uskayaw
   722 | D:2      | Reached XP level 3. HP: 24/25 MP: 0/0
   722 | D:2      | Learned a level 1 spell: Freeze
   759 | D:2      | Reached ** piety under Uskayaw
   922 | D:2      | Reached XP level 4. HP: 30/31 MP: 0/0
  1402 | D:2      | Reached XP level 5. HP: 32/35 MP: 0/0
  1402 | D:2      | Learned a level 2 spell: Ensorcelled Hibernation
  1825 | D:3      | Found a transporter.
  1827 | D:3      | Noticed abessonov's ghost (amateur KoHs)
  1838 | D:3      | Found a bloodstained altar of Trog.
  1842 | D:3      | Found a transporter.
  2192 | D:3      | Reached skill level 5 in Spellcasting
  2192 | D:3      | Reached skill level 5 in Conjurations
  2192 | D:3      | Reached skill level 5 in Hexes
  2192 | D:3      | Reached skill level 5 in Summonings
  2192 | D:3      | Reached skill level 5 in Necromancy
  2192 | D:3      | Reached skill level 5 in Translocations
  2192 | D:3      | Reached skill level 5 in Transmutations
  2192 | D:3      | Reached skill level 5 in Fire Magic
  2192 | D:3      | Reached skill level 5 in Ice Magic
  2192 | D:3      | Reached skill level 5 in Air Magic
  2192 | D:3      | Reached skill level 5 in Earth Magic
  2192 | D:3      | Reached skill level 5 in Poison Magic
  2300 | D:4      | Identified the +3 leather armour "Sofuq" {Slay+3}
  2350 | D:4      | Found a snail-covered altar of Cheibriados.
  2479 | D:4      | Noticed a bullfrog
  2484 | D:4      | Killed a bullfrog
  2484 | D:4      | Reached *** piety under Uskayaw
  2485 | D:4      | Reached XP level 6. HP: 29/40 MP: 0/0
  2649 | D:4      | Reached XP level 7. HP: 22/45 MP: 0/0
  2649 | D:4      | Learned a level 3 spell: Inner Flame
  2651 | D:4      | Reached **** piety under Uskayaw
  2811 | D:4      | Noticed a yak
  2811 | D:4      | Noticed a yak
  2811 | D:4      | Noticed a yak
  2811 | D:4      | Noticed a yak
  2811 | D:4      | Noticed a yak
  2820 | D:4      | Killed a yak
  2821 | D:4      | Reached ***** piety under Uskayaw
  2823 | D:4      | Slain by a yak

Illustrated notes

Levels and vault maps discovered:
D:1:      dpeg_arrival_renting, layout_rooms, hellmonk_ecumenical_altar_zigzags
D:2:      layout_loops_ring, amethyst_killhole, grunt_ministairs_5
D:3:      layout_loops_ring, trog_three_pillars_becter,
          gammafunk_ghost_mausoleum
D:4:      layout_basic, chei_slow_surprise,
          chequers_temple_overflow_statue_of_worship, kennysheep_diamond,
          nrook_mini_backslash

Skill      XL: |  1  2  3  4  5  6 |
---------------+-------------------+-----
Spellcasting   | 4 5 6 |  6.5
Conjurations   | 4 5 6 |  6.5
Hexes          | 4 5 6 |  6.5
Summonings     | 4 5 6 |  6.5
Necromancy     | 4 5 6 |  6.5
Translocations | 4 5 6 |  6.5
Transmutations | 4 5 6 |  6.5
Fire Magic     | 4 5 6 |  6.5
Ice Magic      | 4 5 6 |  6.5
Air Magic      | 4 5 6 |  6.5
Earth Magic    | 4 5 6 |  6.5
Poison Magic   | 4 5 6 |  6.5
Dodging        | |  2.1
Stealth        | |  1.5

Action                     |  1- 3 |  4- 6 |  7- 9 || total
---------------------------+-------+-------+-------++-------
   Cast: Magic Dart        |    54 |   114 |     2 ||   170
         Searing Ray       |       |     2 |     6 ||     8
 Armour: Robe              |       |     7 |       ||     7
         Leather armour    |       |    10 |     7 ||    17
  Dodge: Dodged            |     2 |    21 |     6 ||    29

Table legend: (Time is in decaauts)
 A = Elapsed time spent in this place.
 B = Non-inter-level travel time spent in this place.
 C = Inter-level travel time spent in this place.
 D = Time resting spent in this place.
 E = Time spent auto-exploring this place.
 F = Levels seen in this place.
 G = Mean time per level.
                   A        B        C        D        E       F      G
               +--------+--------+--------+--------+--------+-----+--------+
         Total |   2820 |   2775 |     45 |    100 |   2281 |   4 |  705.0 |
       Dungeon |   2820 |   2775 |     45 |    100 |   2281 |   4 |  705.0 |
               +--------+--------+--------+--------+--------+-----+--------+

Top non-repeatable levels by time:
     D:2: 1005 daAuts
     D:1: 656 daAuts
     D:3: 616 daAuts
     D:4: 542 daAuts
